 Dungeon Crawl Stone Soup version 0.16.1-30-g34a7ffa (webtiles) character file.

31284 foxtale the Destroyer (level 13, -35/97 HPs)
             Began as a Demonspawn Wizard on June 27, 2015.
             Was the Champion of Sif Muna.
             Killed from afar by Nergalle (38 damage)
             ... with a bolt of negative energy
             ... on level 7 of the Lair of Beasts on June 28, 2015.
             The game lasted 02:42:01 (19625 turns).

foxtale the Destroyer (Demonspawn Wizard)          Turns: 19625, Time: 02:42:01

Health: -35/97     AC:  8    Str:  9    XL:     13   Next: 25%
Magic:  26/29      EV: 11    Int: 26    God:    Sif Muna [******]
Gold:   973        SH:  0    Dex: 11    Spells: 8 memorised, 3 levels left

rFire  + . .     SeeInvis .     o - +3 whip (elec)
rCold  + . .     Clarity  .     E - +0 leather armour {rC+} (curse)
rNeg   . . .     SustAb   .     (no shield)
rPois  .         Gourm    .     (helmet unavailable)
rElec  .         Spirit   .     (no cloak)
rCorr  +         Warding  .     Z - +0 pair of gloves
rMut   .         Stasis   .     w - +1 pair of boots
MR     .....                    A - amulet of resist corrosion
Stlth  +.........               I - ring of wizardry
                                v - +2 ring of intelligence

@: very slightly contaminated, repel missiles, heavily drained, not resistant to
hostile enchantments, very unstealthy
A: horns 3, rugged brown scales 2, fire resistance 1, powered by death 3,
powered by pain 1
a: Channel Energy, Forget Spell, Renounce Religion


You were on level 7 of the Lair of Beasts.
You worshipped Sif Muna.
Sif Muna was exalted by your worship.
You were very hungry.

You visited 2 branches of the dungeon, and saw 16 of its levels.
You also visited: Sewer and Bailey.

You collected 973 gold pieces.

Inventory:

Hand weapons
 o - a +3 whip of electrocution (weapon)
 s - a +0 hunting sling
Missiles
 f - 50 stones (quivered)
Armour
 w - a +1 pair of boots (worn)
 E - a cursed +0 leather armour of cold resistance (worn)
 Z - a +0 pair of gloves (worn)
Magical staves
 T - an uncursed staff of wizardry
Jewellery
 a - an uncursed ring of protection from fire
 n - an uncursed amulet of stasis
 v - a +2 ring of intelligence (left hand)
 y - an uncursed amulet of regeneration
 A - an amulet of resist corrosion (around neck)
 I - a ring of wizardry (right hand)
Magical devices
 b - a wand of frost (25)
 q - a wand of disintegration (6)
 r - a wand of fireball (1)
 D - a wand of random effects (8)
 L - a wand of fire (0)
 V - a wand of lightning (0)
Scrolls
 d - a scroll of recharging
 g - 4 scrolls of identify
 h - a scroll of enchant weapon
 j - 3 scrolls of magic mapping
 x - 2 scrolls of teleportation
 B - 7 scrolls of remove curse
 U - a scroll of fog
Potions
 c - a potion of haste
 i - 6 potions of brilliance
 k - 2 potions of curing
 l - 3 potions of invisibility
 p - 3 potions of heal wounds
 u - a potion of restore abilities
 G - a potion of resistance
 M - a potion of cancellation
 Q - a potion of magic
Books
 e - a book of Spatial Translocations

   Spells                             Type                      Level
   a - Apportation                    Translocation                1
   b - Blink                          Translocation                2
   c - Shroud of Golubria             Charms/Translocation         2
   d - Portal Projectile              Translocation                3
   e - Teleport Other                 Translocation                3
   f - Passage of Golubria            Translocation                4
Miscellaneous
 m - a crystal ball of energy
 t - a stone of tremors (inert)
Comestibles
 z - 2 chunks of flesh
 R - a fruit


   Skills:
 - Level 6.0(4.6) Fighting
 + Level 3.2(1.9) Dodging
 - Level 2.0(0.8) Stealth
 + Level 8.0(6.5) Spellcasting
 + Level 12.5(10.9) Conjurations
 - Level 6.0(4.6) Charms
   Level 1.0(0.0) Summonings
 - Level 6.1(4.7) Translocations
 * Level 7.5(6.1) Fire Magic
 - Level 7.0(5.6) Earth Magic
 - Level 8.0(6.5) Invocations


You had 3 spell levels left.
You knew the following spells:

 Your Spells              Type           Power        Failure   Level  Hunger
a - Throw Flame           Conj/Fire      ######       1%          2    None
b - Blink                 Tloc           N/A          1%          2    None
c - Mephitic Cloud        Conj/Pois/Air  ####....     4%          3    None
d - Bolt of Fire          Conj/Fire      ######....   21%         6    ######.
e - Magic Dart            Conj           ####         1%          1    None
f - Conjure Flame         Conj/Fire      ######..     1%          3    None
m - Repel Missiles        Chrm/Air       ###...       3%          2    None
s - Iron Shot             Conj/Erth      ######....   28%         6    ######.


Dungeon Overview and Level Annotations

Branches:
Dungeon (9/15)             Temple (0/1) D:7            Lair (7/8) D:9
  Swamp (0/5) Lair:6
  Snake: Lair:3-6    Spider: Lair:3-6     Slime: Lair:6-8       Orc: D:9-12

Altars:
Ashenzari
Elyvilon
Makhleb
Okawaru
Ru
Sif Muna
Xom
Yredelemnul

Shops:
D:7 =(}

Annotations:
Lair:7 exclusion: oklob plant, Nergalle


Innate Abilities, Weirdness & Mutations

You have a pair of large horns on your head.
You are mostly covered in rugged brown scales (AC +2, +5% HP).
Your flesh is heat resistant.
You can steal the life force of all defeated enemies in sight.
You sometimes gain a little power by taking damage.


Message History

Unknown command.
Read which item? (? for menu, Esc to quit)
Blink to where?
Press: ? - help, Dir - move target cursor You are very lightly contaminated with residual magic.
As you read the scroll of blinking, it crumbles to dust.
Nergalle looks more energetic.
Nergalle casts a spell.
Nergalle stands defiantly in death's doorway!
Eat one of 3 chunks of flesh? (ye/n/q/i?) This raw flesh tastes terrible.
You are feeling very hungry.
You continue eating. x2
The spectral orc knight hits the plant with a glaive.
Your earth elemental hits the spectral orc knight!!
Nergalle gestures at you while chanting.
The bolt of negative energy hits the spectral orc warlord.
The spectral orc warlord completely resists.
The bolt of negative energy hits you!
You feel drained.
You die...

#...P..........
#P...#....#..#.
#..............
###...<..........
##................
#P................
###.<............#. .
#......#....#P.#...
.##.@....PP..####....
###..Z###.P.....#
##...
###..Z...#PP...รท.##
##..
#.#.##.P...........#
###
#.....ZPoZ..#####P##
#.#....P.Z.## ### #
#.....EZ...### #
#.#...Z......#
#.....Z...#.##


You could see Nergalle, a spectral orc, 2 spectral orc warriors, 3 spectral orc
knights, a spectral orc warlord and a friendly earth elemental.

Vanquished Creatures
  6 hydras
  A catoblepas (Lair:3)
  6 death yaks
  A deep elf knight (Bailey)
  A black mamba (Lair:2)
  2 griffons
  8 komodo dragons
  6 spiny frogs
  A deep elf priest (Bailey)
  A fire drake (Lair:2)
  A polar bear (Lair:4)
  A troll (D:9)
  9 blink frogs
  A basilisk (Lair:3)
  A boulder beetle (Lair:7)
  3 deep elf magi (Bailey)
  A steam dragon (Lair:7)
  33 yaks
  2 hungry ghosts
  Eustachio (D:9)
  4 hippogriffs
  5 deep elf fighters (Bailey)
  3 water moccasins
  Menkaure (D:7)
  6 wolves
  10 porcupines
  An eye of draining (D:9)
  2 orc warriors
  5 sky beasts
  2 ogres
  6 centaurs
  The ghost of CcS the Chopper, an average MiBe of Trog (D:4)
  A boring beetle (Lair:3)
  2 ice beasts
  2 phantoms
  5 crocodiles
  Sigmund (D:4)
  6 big kobolds
  7 giant frogs
  A gnoll sergeant (D:7)
  2 scorpions
  A water moccasin skeleton (D:9)
  2 electric eels (Lair:2)
  6 killer bees (D:9)
  2 crimson imps
  2 goliath beetles
  3 centaur zombies
  5 orc priests
  A centaur skeleton (D:6)
  A giant frog skeleton (D:5)
  A giant frog zombie (D:7)
  2 jellies (D:7)
  5 hounds
  A worker ant (D:6)
  9 iguanas
  10 orc wizards
  2 sheep (D:8)
  Ijyb (D:7)
  Jessica (D:2)
  8 gnolls (D:5)
  2 giant mites
  24 adders
  18 river rats
  3 worms
  An adder skeleton (D:9)
  3 giant geckos
  An ooze (D:3)
  43 orcs
  13 bats
  A bat skeleton (D:4)
  7 giant cockroaches
  13 hobgoblins
  20 kobolds
  3 ball pythons
  6 giant newts
  A giant spore (D:5)
  15 goblins
  6 jackals
  9 quokkas
  14 rats
425 creatures vanquished.

Vanquished Creatures (others)
  A porcupine (Lair:7)
  A bush (Lair:2)
  2 fungi
  3 plants
7 creatures vanquished.

Grand Total: 432 creatures vanquished

Notes
Turn   | Place    | Note
--------------------------------------------------------------
     0 | D:1      | foxtale, the Demonspawn Wizard, began the quest for the Orb.
     0 | D:1      | Reached XP level 1. HP: 13/13 MP: 4/4
   352 | D:1      | Gained mutation: You have a pair of small horns on your head. [demonic ancestry]
   352 | D:1      | Reached XP level 2. HP: 13/19 MP: 3/6
   435 | D:1      | Learned a level 2 spell: Blink
   438 | D:1      | Learned a level 2 spell: Repel Missiles
   781 | D:1      | Found a shattered altar of Ashenzari.
  1369 | D:2      | Noticed Sigmund
  1407 | D:2      | Noticed Jessica
  1416 | D:2      | Killed Jessica
  1416 | D:2      | Reached XP level 3. HP: 7/24 MP: 0/7
  1421 | D:2      | Learned a level 3 spell: Conjure Flame
  2085 | D:2      | Found an iron altar of Okawaru.
  2092 | D:2      | Found a basalt altar of Yredelemnul.
  2094 | D:2      | Found a deep blue altar of Sif Muna.
  2101 | D:2      | Became a worshipper of Sif Muna the Loreminder
  2264 | D:2      | Gained mutation: You can steal the life force of nearby defeated enemies. [demonic ancestry]
  2264 | D:2      | Reached XP level 4. HP: 30/30 MP: 3/9
  2554 | D:3      | Found a glowing drain.
  2561 | Sewer    | Entered a sewer
  2754 | Sewer    | Noticed a big kobold
  2754 | Sewer    | Noticed a big kobold
  2765 | Sewer    | Killed a big kobold
  2765 | Sewer    | Reached skill level 4 in Conjurations
  2765 | Sewer    | Gained mutation: You have a pair of horns on your head. [demonic ancestry]
  2765 | Sewer    | Reached XP level 5. HP: 25/35 MP: 0/11
  2770 | Sewer    | Noticed a big kobold
  2787 | Sewer    | Killed a big kobold
  2787 | Sewer    | Reached skill level 5 in Conjurations
  2825 | Sewer    | Killed a big kobold
  2825 | Sewer    | Acquired Sif Muna's first power
  2825 | Sewer    | Reached skill level 6 in Conjurations
  2825 | Sewer    | Gained mutation: You can steal the life force of defeated enemies. [demonic ancestry]
  2825 | Sewer    | Reached XP level 6. HP: 12/41 MP: 6/12
  3434 | D:3      | Found a white marble altar of Elyvilon.
  4468 | D:4      | Reached skill level 7 in Conjurations
  4558 | D:4      | Noticed CcS's ghost (average MiBe)
  4567 | D:4      | Killed CcS's ghost
  4567 | D:4      | Gained mutation: You are partially covered in rugged brown scales (AC +1, +3% HP). [demonic ancestry]
  4567 | D:4      | Reached XP level 7. HP: 34/47 MP: 7/14
  4674 | D:5      | Entered Level 5 of the Dungeon
  4685 | D:5      | Acquired Sif Muna's second power
  4685 | D:5      | Reached skill level 8 in Conjurations
  4748 | D:5      | Found a burning altar of Makhleb.
  4961 | D:5      | Learned a level 3 spell: Mephitic Cloud
  5103 | D:5      | Reached skill level 9 in Conjurations
  5283 | D:5      | Reached skill level 1 in Translocations
  5283 | D:5      | Gained mutation: You are mostly covered in rugged brown scales (AC +2, +5% HP). [demonic ancestry]
  5283 | D:5      | Reached XP level 8. HP: 45/55 MP: 6/16
  5727 | D:4      | Reached skill level 1 in Fighting
  5730 | D:4      | Reached skill level 1 in Charms
  5840 | D:4      | Killed Sigmund
  5984 | D:4      | Found a deep blue altar of Sif Muna.
  6889 | D:6      | Reached skill level 10 in Conjurations
  7076 | D:6      | Reached skill level 1 in Invocations
  7076 | D:6      | Gained mutation: You sometimes gain a little power by taking damage. [demonic ancestry]
  7076 | D:6      | Reached XP level 9. HP: 51/66 MP: 13/17
  7250 | D:6      | Acquired Sif Muna's third power
  7401 | D:7      | Found Obotugre's Jewellery Shop.
  7559 | D:7      | Found a flagged portal.
  7583 | Bailey   | Entered a bailey
  7897 | Bailey   | Noticed a deep elf knight
  7904 | Bailey   | Killed a deep elf knight
  7904 | Bailey   | Reached skill level 11 in Conjurations
  7933 | Bailey   | Identified the Collected Works on Shape Shifting
  7999 | Bailey   | Gained mutation: You can steal the life force of all defeated enemies in sight. [demonic ancestry]
  7999 | Bailey   | Reached XP level 10. HP: 76/76 MP: 9/18
  8057 | D:7      | Noticed Menkaure
  8071 | D:7      | Killed Menkaure
  8071 | D:7      | Reached skill level 5 in Invocations
  8164 | D:7      | Found Thrio's Gadget Boutique.
  8188 | D:7      | Found Vageh's Weapon Boutique.
  8371 | D:7      | Noticed Ijyb
  8387 | D:7      | Killed Ijyb
  8781 | D:7      | Found a staircase to the Ecumenical Temple.
  9236 | D:8      | Reached skill level 5 in Fighting
  9307 | D:8      | Noticed a three-headed hydra
  9321 | D:8      | Reached skill level 5 in Charms
  9336 | D:8      | Killed a three-headed hydra
  9336 | D:8      | Reached skill level 5 in Translocations
 10349 | D:9      | Found a staircase to the Lair.
 10510 | D:9      | Found a shimmering altar of Xom.
 11130 | D:9      | Noticed Eustachio
 11316 | D:9      | Gained mutation: Your flesh is heat resistant. [demonic ancestry]
 11316 | D:9      | Reached XP level 11. HP: 82/82 MP: 15/22
 11320 | D:9      | Received a gift from Sif Muna
 11351 | D:9      | Identified Sif Muna's Collected Works on Confrontation (Sif Muna gifted it to you on level 9 of the Dungeon)
 11359 | D:9      | Learned a level 6 spell: Bolt of Fire
 11816 | D:9      | Found a sacrificial altar of Ru.
 11887 | D:9      | Killed Eustachio
 12082 | Lair:1   | Entered Level 1 of the Lair of Beasts
 12501 | D:9      | Reached skill level 1 in Fire Magic
 12650 | Lair:1   | Learned a level 6 spell: Iron Shot
 12834 | Lair:1   | Reached skill level 1 in Earth Magic
 13118 | Lair:1   | Reached skill level 5 in Spellcasting
 13791 | Lair:2   | HP: 4/82 [black mamba (14)]
 14233 | Lair:2   | Noticed a five-headed hydra
 14651 | Lair:2   | Received a gift from Sif Muna
 14666 | Lair:2   | Identified Sif Muna's Almanac of the Damaging Arsonist (Sif Muna gifted it to you on level 2 of the Lair of Beasts)
 14716 | Lair:2   | Learned a level 2 spell: Throw Flame
 14911 | Lair:1   | Reached skill level 5 in Earth Magic
 15018 | Lair:2   | Gained mutation: You have a pair of large horns on your head. [demonic ancestry]
 15018 | Lair:2   | Reached XP level 12. HP: 46/90 MP: 7/25
 15117 | Lair:2   | Noticed a five-headed hydra
 15189 | Lair:2   | Killed a five-headed hydra
 15204 | Lair:2   | Killed a five-headed hydra
 15891 | Lair:2   | Reached skill level 12 in Conjurations
 15891 | Lair:2   | Reached skill level 5 in Fire Magic
 16511 | Lair:2   | Learned a level 6 spell: Bolt of Fire
 16771 | Lair:3   | Noticed a six-headed hydra
 16847 | Lair:3   | Killed a six-headed hydra
 16847 | Lair:3   | Received a gift from Sif Muna
 17003 | Lair:3   | Noticed a catoblepas
 17024 | Lair:3   | Killed a catoblepas
 18146 | Lair:4   | Noticed an eight-headed hydra
 18286 | Lair:4   | Killed an eight-headed hydra
 18465 | Lair:4   | Reached XP level 13. HP: 92/97 MP: 18/28
 19147 | Lair:4   | You fall through a shaft for 3 floors!
 19326 | Lair:6   | Found a staircase to the Swamp.
 19593 | Lair:7   | Noticed Nergalle
 19621 | Lair:7   | HP: 4/97 [Nergalle/bolt of negative energy (28)]
 19625 | Lair:7   | Killed from afar by Nergalle

Action                   |  1- 3 |  4- 6 |  7- 9 | 10-12 | 13-15 || total
-------------------------+-------+-------+-------+-------+-------++-------
Melee: Spear             |    19 |       |       |       |       ||    19
       Dagger            |     1 |       |       |       |       ||     1
       Whip              |    26 |   159 |   147 |   339 |    70 ||   741
       Staff             |       |       |       |    19 |     1 ||    20
 Cast: Magic Dart        |    80 |    52 |   236 |   371 |       ||   739
       Repel Missiles    |     1 |       |     3 |       |       ||     4
       Blink             |       |     1 |       |    27 |     3 ||    31
       Conjure Flame     |       |     8 |    19 |    54 |     2 ||    83
       Mephitic Cloud    |       |       |    13 |    22 |     4 ||    39
       Throw Flame       |       |       |       |   152 |    36 ||   188
       Iron Shot         |       |       |       |    23 |    15 ||    38
       Bolt of Fire      |       |       |       |     8 |     3 ||    11
Invok: Channel Energy    |       |       |     7 |     6 |     3 ||    16
       Forget Spell      |       |       |       |     1 |       ||     1
Evoke: Wand              |       |       |       |     3 |     7 ||    10
       Stone of tremors  |       |       |       |       |     1 ||     1
  Use: Scroll            |       |     6 |    11 |    17 |     3 ||    37
       Potion            |       |       |     1 |     5 |       ||     6
 Stab: Sleeping          |       |     5 |     1 |       |       ||     6
       Confused          |       |       |       |     4 |       ||     4
  Eat: Chunk             |     4 |     7 |    16 |    38 |     7 ||    72
       Beef jerky        |       |     1 |       |     1 |       ||     2
       Fruit             |       |       |       |    13 |     2 ||    15
       Bread ration      |       |       |       |     1 |       ||     1
       Meat ration       |       |       |       |     1 |       ||     1
